 Dungeon Crawl Stone Soup version 0.27-a0-249-g74f53ef629 (webtiles) character file.

Game seed: 18069988346511674756

7 lunkers the Gusty (level 1, 0/14 HPs)
             Began as a Demigod Air Elementalist on Feb 3, 2021.
             Slain by a bat (1 damage)
             ... on level 1 of the Dungeon.
             The game lasted 00:00:36 (159 turns).

lunkers the Gusty (Demigod Air Elementalist)         Turns: 159, Time: 00:00:37

Health: 0/14       AC:  2    Str: 11    XL:     1   Next: 66%
Magic:  0/5        EV: 12    Int: 19    God:
Gold:   5          SH:  0    Dex: 16    Spells: 2/3 levels left

rFire    . . .     SeeInvis +   (no weapon)
rCold    . . .     Faith    .   (no shield)
rNeg     . . .     Spirit   .   a - +0 robe
rPois    .         Reflect  .   (no helmet)
rElec    .         Harm     .   (no cloak)
rCorr    .         Rampage  .   (no gloves)
Will     .....                  (no boots)
Stlth    ++........             (no amulet)
HPRegen  0.04/turn              d - ring of see invisible
MPRegen  0.09/turn              (no ring)

@: no status effects
A: high mp 1
a: no special abilities


You were on level 1 of the Dungeon.
You visited 1 branch of the dungeon, and saw 1 of its levels.

You collected 5 gold pieces.

Inventory:

Armour
 a - a +0 robe (worn)
Jewellery
 d - a ring of see invisible (left hand)
Scrolls
 b - a scroll of teleportation {unknown}
Potions
 c - a potion of curing {unknown}


   Skills:
 - Level 1.7 Dodging
 - Level 1.7 Stealth
 + Level 1.9 Spellcasting
 - Level 0.8 Conjurations
 * Level 3.0 Air Magic


You had 2 spell levels left.
You knew the following spells:

 Your Spells              Type           Power        Failure   Level
a - Shock                 Conj/Air       36%          8%          1

Your spell library contained the following spells:

 Spells                   Type           Power        Failure   Level
 Swiftness                Air            13%          8%          2
 Static Discharge         Conj/Air       9%           22%         3
 Airstrike                Air            6%           43%         4
 Lightning Bolt           Conj/Air       4%           91%         5


Dungeon Overview and Level Annotations

Branches:
Dungeon (1/15)


Innate Abilities, Weirdness & Mutations

You have an increased reservoir of magic. (+10% MP)


Message History

Unknown command.
A goblin comes into view. It is wielding a +0 club.
The bat closely misses you. The bat closely misses you.
The jackal barely misses you.
You hit the bat but do no damage.
The bat is moderately wounded.
The bat hits you but does no damage. The jackal bites you.
* * * LOW HITPOINT WARNING * * *
Casting: Shock (safe; 8% risk of failure)
Confirm with . or Enter, or press ? or * to list all spells.
Aiming: Shock (safe; 8% risk of failure)
Press: ? - help, Shift-Dir - straight line, p - jackal The zap misses the bat. x2
* * * LOW MAGIC WARNING * * *
The bat closely misses you. The jackal bites you.
* * * LOW HITPOINT WARNING * * *
Unknown command.
The bat hits you but does no damage. The bat hits you.
You die...

#..†........####.#.#...#
######...............#
#....).......†..#
##.#######...#.#.........#
.............#.#########.#
#.####'§§####.# ######.#.
##..§§...##.####.........h.#
#...§#....#.#.h.......#...!..
#......#..#)#@##......#.##.##
##.......##...b.......... ..
####'##########......####
##8.8## ##.?#.... ##'##
#..#.### ##...## .... #.....#
..#.# +..<..+ ..#g.. #..>..#
..


You could see a jackal and a bat.

Vanquished Creatures
  A dart slug (D:1)
  A hobgoblin (D:1)
  2 jackals (D:1)
4 creatures vanquished.

Notes
Turn   | Place    | Note
-------+----------+-------------------------------------------
     0 | D:1      | lunkers the Demigod Air Elementalist began the quest for
                  | the Orb.
     0 | D:1      | Reached XP level 1. HP: 14/14 MP: 5/5
   133 | D:1      | Reached skill level 3 in Air Magic
   159 | D:1      | Slain by a bat

Illustrated notes

Levels and vault maps discovered:
D:1:      shiori_arrival_elements, layout_basic, lemuel_another_geyser

Skill      XL: |  1 |
---------------+----+-----
Air Magic      | 3 |  3.0
Dodging        | |  1.7
Stealth        | |  1.7
Spellcasting   | |  1.9
Conjurations   | |  0.8

Action                   || total
-------------------------++-------
Melee: Unarmed           ||     3
 Cast: Shock             ||    14
Armor: Robe              ||    11
Dodge: Dodged            ||    24

Table legend: (Time is in decaauts)
 A = Elapsed time spent in this place.
 B = Non-inter-level travel time spent in this place.
 C = Inter-level travel time spent in this place.
 D = Time resting spent in this place.
 E = Time spent auto-exploring this place.
 F = Levels seen in this place.
 G = Mean time per level.
                   A        B        C        D        E       F      G
               +--------+--------+--------+--------+--------+-----+--------+
         Total |    158 |    158 |      0 |      0 |    112 |   1 |  158.0 |
       Dungeon |    158 |    158 |      0 |      0 |    112 |   1 |  158.0 |
               +--------+--------+--------+--------+--------+-----+--------+

Top non-repeatable levels by time:
     D:1: 158 daAuts
